 Dungeon Crawl Stone Soup version 0.31-a0-369-g8eba5f6939 (webtiles) character file.

Game seed: 3123500730063322999

344200 Newt the Metamorph (level 21, -3/221 HPs)
             Began as a Grey Draconian Shapeshifter on July 28, 2023.
             Was an Elder of Okawaru.
             Slain by a vault guard
             ... wielding a +0 halberd
              (11 damage)
             ... on level 5 of the Vaults.
             The game lasted 01:33:51 (43351 turns).

Newt the Metamorph (Grey Draconian Shapeshifter)   Turns: 43351, Time: 01:33:53

Health: -3/221     AC: 36    Str: 26    XL:     21   Next: 14%
Magic:  30/41      EV: 20    Int: 11    God:    Okawaru [****..]
Gold:   4758       SH: 13    Dex: 17    Spells: 25/35 levels left

rFire   . . .        z - +6 demon whip (elec)
rCold   + + .        L - +3 buckler {reflect}
rNeg    + . .        (body armour unavailable)
rPois   ∞            S - +1 hat {Stlth+}
rElec   +            q - scarf "Iwnayn" {repulsion, rC+ Dex+5}
rCorr   .            k - melded +2 pair of gloves {Stlth+}
SInv    +            (boots currently unavailable)
Will    +++..        f - amulet of regeneration
Stlth   +++          x - ring "Kageinu" {*Slow rElec rC+ Will++ Stlth-}
HPRegen 1.36/turn    U - ring of the Octopus King {HP+2 MP+9 AC+2 EV+2 SH+2}
MPRegen 0.27/turn

%: slow self (1%), repel missiles, reflection
@: about to teleport, statue-form, liquefying, heroic, finesse-ful, wereblooded
(expiring), flying, constricted, slowed movement, very slow
A: slow and powerful, torment resistance 1, flying, boosted hp, AC +16,
amphibious, unfitting armour, cold-blooded, big wings, talons 1, see invisible
}: 2/15 runes: serpentine, barnacled
a: Begin Untransformation, Renounce Religion, Heroism, Finesse


You were on level 5 of the Vaults.
You worshipped Okawaru.
Okawaru was greatly pleased with you.
You were a living statue of rough stone.
You visited 6 branches of the dungeon, and saw 35 of its levels.
You visited 1 bazaar.
You also visited: Ice Cave.

You collected 6362 gold pieces.
You spent 1604 gold pieces at shops.

Inventory:

Hand Weapons
 l - the +27 heavy crossbow "Sniper" {heavy, Acc+∞ SInv}
   (You found it on level 2 of the Vaults)

   Acc+∞: It never misses its target.
   SInv:      It lets you see invisible.
 z - a +6 demon whip of electrocution (weapon)
Missiles
 i - 2 boomerangs of dispersal
 B - 4 throwing nets
Armour
 k - a +2 pair of gloves of stealth (melded)
 n - the +5 kite shield of Misanthropy {Rampage rElec}
   (Okawaru gifted it to you on level 3 of the Vaults)

   rElec:     It insulates you from electricity.
   Rampage:   It bestows one free step when moving towards enemies.
 q - the scarf "Iwnayn" (worn) {repulsion, rC+ Dex+5}
   (Okawaru gifted it to you on level 12 of the Dungeon)

   Dex:       It affects your dexterity (+5).
   rC:        It protects you from cold.
 w - a +1 tower shield of resistance
 L - a +3 buckler of reflection (worn)
 S - a +1 hat of stealth (worn)
Jewellery
 f - an amulet of regeneration (around neck)
 p - a ring of resist corrosion
 t - a +5 ring of evasion
 v - the ring of Hus Ledd {rPois rF+}
   (You found it on level 1 of the Snake Pit)

   [ring of poison resistance]

   rF:        It protects you from fire.
   rPois:     It protects you from poison.
 x - the ring "Kageinu" (left fist) {*Slow rElec rC+ Will++ Stlth-}
   (You took it off an orc on level 8 of the Dungeon)

   [ring of protection from cold]

   rC:        It protects you from cold.
   rElec:     It insulates you from electricity.
   *Slow:     It may slow you when you take damage.
   Will:      It greatly increases your willpower.
   Stlth:     It makes you less stealthy.
 y - a +5 ring of evasion
 J - an amulet of faith
 N - a +6 ring of dexterity
 R - an amulet of reflection
 U - a ring of the Octopus King (right fist) {HP+2 MP+9 AC+2 EV+2 SH+2}
   (You found it on level 2 of the Lair of Beasts)

   [ring of magical power]

   AC:        It affects your AC (+2).
   EV:        It affects your evasion (+2).
   HP:        It affects your health (+2).
   MP:        It affects your magic capacity (+9).
   SH:        It affects your SH (+2).
 Z - a ring of protection from fire
Talismans
 X - a granite talisman
Wands
 a - a wand of polymorph (6)
 e - a wand of digging (4)
 E - a wand of mindburst (8)
 I - a wand of flame (53)
 T - a wand of light (14)
 W - a wand of iceblast (17)
Scrolls
 b - a scroll of silence
 c - a scroll of amnesia
 d - a scroll of brand weapon
 g - a scroll of fear
 r - a scroll of blinking
 s - 3 scrolls of revelation
 u - 4 scrolls of enchant armour
 D - 4 scrolls of poison
 H - 13 scrolls of identify
 Q - 14 scrolls of teleportation
Potions
 h - a potion of cancellation
 j - 2 potions of invisibility
 m - 4 potions of lignification
 o - a potion of ambrosia
 A - 2 potions of heal wounds
 C - 3 potions of haste
 F - 7 potions of enlightenment
 G - 11 potions of curing
 K - 3 potions of mutation
 P - 2 potions of might
 Y - a potion of brilliance
Miscellaneous
 M - a lightning rod (4/4)
 O - a phial of floods (inert)


   Skills:
 - Level 10.0(15.0) Fighting
 - Level 16.0(21.0) Maces & Flails
 - Level 10.0(15.0) Dodging
 - Level 9.0(14.0) Shields
 - Level 3.0(8.0) Unarmed Combat
 - Level 7.9 Spellcasting
 + Level 7.3 Hexes
 + Level 11.2 Transmutations
 + Level 9.5 Earth Magic
 - Level 12.4 Invocations
 - Level 12.0 Evocations
 - Level 19.3 Shapeshifting


You had 25 spell levels left.
You knew the following spells:

 Your Spells              Type           Power      Damage    Failure   Level
a - Wereblood             Tmut           29%        N/A       1%          2
b - Leda's Liquefaction   Hex/Erth       11%        N/A       5%          4
c - Petrify               Tmut/Erth      27%        N/A       2%          4

Your spell library contained the following spells:

 Spells                   Type           Power      Damage    Failure   Level
 Sting                    Tmut/Pois      64%        1d6       1%          1
 Ignite Poison            Fire/Tmut/Pois 12%        N/A       11%         3
 Dazzling Flash           Conj/Hex       24%        N/A       12%         3
 Portal Projectile        Hex/Tloc       24%        N/A       12%         3
 Apportation              Tloc           8%         N/A       17%         1
 Magic Dart               Conj           16%        1d3       17%         1
 Necrotise                Necr           16%        1d4       17%         1
 Cigotuvi's Dreadful Rot  Necr/Pois/Air  8%         N/A       26%         2
 Poisonous Vapours        Pois/Air       8%         N/A       26%         2
 Fulminant Prism          Conj/Hex       6%         3d7       36%         4
 Irradiate                Conj/Tmut      8%         3d14      43%         5
 Frozen Ramparts          Ice            8%         1d2       45%         3
 Hailstorm                Conj/Ice       4%         3d4       45%         3
 Mephitic Cloud           Conj/Pois/Air  4%         N/A       45%         3
 Ozocubu's Armour         Ice            4%         N/A       45%         3
 Vhi's Electric Charge    Tloc/Air       8%         N/A       45%         3
 Volatile Blastmotes      Fire/Tloc      8%         2d10      45%         3
 Borgnjor's Vile Clutch   Necr/Erth      7%         N/A       54%         5
 Metabolic Englaciation   Hex/Ice        6%         N/A       71%         5
 Iskenderun's Mystic Bla  Conj/Tloc      4%         2d3       86%         4
 Olgreb's Toxic Radiance  Pois           4%         N/A       86%         4
 Arcjolt                  Conj/Air       2%         1d12      99%         5
 Freezing Cloud           Conj/Ice/Air   2%         6-21      99%         5
 Plasma Beam              Fire/Air       2%         2x1d12    100%        6
 Starburst                Conj/Fire      2%         6d3       100%        6
 Ozocubu's Refrigeration  Ice            2%         4d7       100%        7
 Maxwell's Capacitive Co  Air            2%         ∞         100%        8
 Polar Vortex             Ice            2%         N/A       100%        9
 Summon Small Mammal      Summ           Unusable   N/A       N/A         1
 Call Imp                 Summ           Unusable   N/A       N/A         2
 Call Canine Familiar     Summ           Unusable   N/A       N/A         3
 Animate Dead             Necr           Unusable   N/A       N/A         4
 Summon Ice Beast         Ice/Summ       Unusable   N/A       N/A         4
 Death Channel            Necr           Unusable   N/A       N/A         6
 Simulacrum               Ice/Necr       Unusable   N/A       N/A         6

Dungeon Overview and Level Annotations

Branches:
Dungeon (15/15)            Temple (0/1) D:4            Lair (5/5) D:8
 Shoals (4/4) Lair:3        Snake (4/4) Lair:2        Slime (0/5) Lair:5
    Orc (2/2) D:9             Elf (0/3) Orc:2        Vaults (5/5) D:13
  Crypt (0/3) Vaults:3     Depths (0/4) D:15          IceCv (visited)

Altars:
Ashenzari
Cheibriados
Elyvilon
Fedhas
Hepliaklqana
Kikubaaqudgha
Makhleb
Okawaru
Sif Muna
Xom
Yredelemnul
Zin
The Shining One
Jiyva

Shops:
D:9 [   D:13 !   Orc:2 *[:**   Snake:3 [   Vaults:2 (

Portals:
Pandemonium: Orc:2
Trove: Vaults:3 (give 13 potions of heal wounds)

Annotations:
D:9 6 transporters
Vaults:5 Xtahua


Innate Abilities, Weirdness & Mutations

You are a living statue of rough stone.
Your actions are slow, but your melee attacks are powerful.
You are resistant to unholy torment.
You are flying.
Your maximum health is greatly increased.
Your equipment is partially melded.
((Your dull iron-grey scales are very hard. (AC +16)))
You are amphibious.
You cannot fit into any form of body armour.
You are immune to poison.
You are cold-blooded and may be slowed by cold attacks.
Your large and strong wings let you fly.
You have sharp toenails.
You have supernaturally acute eyesight. (SInv)


Message History

You block the tentacled monstrosity's attack.
The tentacled monstrosity completely misses you.
The tentacled monstrosity misses you.
The tentacled monstrosity completely misses you.
The vault guard hits you but does no damage.
Unknown command.
You whack the phantasmal warrior!
Lightning courses through the phantasmal warrior!
You claw the phantasmal warrior, but do no damage.
The phantasmal warrior is moderately damaged.
You block Xtahua's attack. x2; Xtahua tramples you but does no damage.
The deep elf high priest is no longer giving off an aura.
The phantasmal warrior barely misses you.
The dread lich mumbles some strange words.
You whack the phantasmal warrior!
Your kick misses the phantasmal warrior.
The phantasmal warrior is severely damaged.
You howl as the wereblood boils in your veins!
Unknown command.
You thrash the phantasmal warrior!!
You feel a bit better.
You destroy the phantasmal warrior!
Okawaru accepts your kill.
You howl as the wereblood boils in your veins!
You block the tentacled monstrosity's attack.
The tentacled monstrosity closely misses you.
The tentacled monstrosity becomes momentarily stuck in the liquid earth.
The tentacled monstrosity grabs you.
The tentacled monstrosity constricts you!
* * * LOW HITPOINT WARNING * * *
The vault guard hits you but does no damage.
Unknown command.
Okay, then.
Unknown command.
As you read the scroll of teleportation, it crumbles to dust.
You feel strangely unstable.
Your primal bloodlust is almost over.
Xtahua misses you. You block Xtahua's attack.
Xtahua tramples you but does no damage.
The vault guard hits you from afar with a +0 halberd!
You die... #### ##... ...... .... ...W.. .c.# .#.#.1###p2# ........#Lp# ......W#9u# #..eppcD# #..CDDDX#

###..#8.#
#..p.......#
#[...#..#°.#
#..........#
C#
#....#..#..#
.##
##.......?..#
#.......
.###..#..#..#
#..... ..
......#..#
#.#.#.# #..#


You could see Xtahua, a tentacled monstrosity (struggling), an iron dragon, 2
ironbound preservers, a dread lich (empowered), a storm dragon, a Tzitzimitl
(summoned), a red very ugly thing, a quicksilver dragon, a stone giant, 2
yaktaur captains, a lorocyproca (summoned, invisible), 3 vault guards, a flayed
ghost, a war gargoyle, a deep elf high priest and a phantasmal warrior.

Vanquished Creatures
  Boris (thrice) (Vaults:3 Vaults:4 Vaults:5)
  Bai Suzhen (Vaults:3)
  Vashnia (Snake:4)
  Nikola (Snake:4)
  2 tentacled monstrosities
  3 liches
  Asterion (Snake:3)
  Polyphemus (Shoals:2)
  A titan (Vaults:4)
  3 sphinxes
  2 tengu reavers
  Frances (Shoals:1)
  Gastronok (Lair:3)
  Kirke (D:12)
  3 storm dragons
  Ilsuiw (Shoals:2)
  A revenant (Vaults:3)
  5 nagarajas
  Donald (Vaults:3)
  An iron dragon (Vaults:4)
  A balrug (D:11)
  A frost giant (Vaults:2)
  A deep elf sorcerer (Vaults:4)
  A fire giant (Vaults:5)
  17 vault wardens
  The ghost of Bediveer the Marksspriggan, an adept SpHu of Okawaru (Shoals:3)
  3 orc warlords
  3 war gargoyles
  19 ironbound preservers
  2 stone giants
  A reaper (IceCv)
  2 formless jellyfish
  8 ironbound thunderhulks
  A deep elf demonologist (Vaults:2)
  4 dire elephants (Vaults:2)
  Snorg (Lair:4)
  A crystal guardian (Vaults:4)
  5 ettins
  7 merfolk impalers
  6 merfolk javelineers (Shoals:4)
  12 great orbs of eyes
  3 entropy weavers
  22 vault guards
  Erolcha (D:12)
  2 ice dragons (D:15)
  9 yaktaur captains
  5 salamander tyrants (Snake:4)
  4 hydras
  A merfolk avatar (Shoals:1)
  2 demonspawn (Orc:2)
  An alligator snapping turtle (Shoals:3)
  19 centaur warriors
  7 boulder beetles
  3 two-headed ogres
  A tengu warrior (D:14)
  3 catoblepae
  11 anacondas
  7 ironbound frosthearts
  A satyr (shapeshifter) (D:11)
  10 naga warriors
  3 satyrs
  6 shock serpents
  3 death yaks (Shoals:2)
  7 naga sharpshooters
  8 orc high priests (Orc:2)
  Nergalle (Lair:2)
  8 skysharks
  A hell knight (Vaults:5)
  A salamander mystic (Snake:4)
  2 fire crabs (Shoals:4)
  A sea snake (shapeshifter) (D:11)
  43 deep trolls
  Lodul (D:10)
  A glowing orange brain (Vaults:2)
  11 sea snakes
  5 naga ritualists
  A golden dragon zombie (Vaults:3)
  3 lindwurms (Vaults:1)
  17 ironbound convokers
  13 wizards
  3 phantasmal warriors (Vaults:5)
  4 necromancers
  Pikel (D:9)
  A shadow dragon zombie (Vaults:5)
  11 orc knights
  15 harpies
  A frost giant zombie (Vaults:3)
  5 orc sorcerers (Orc:2)
  9 mana vipers
  46 ugly things
  2 wolf spiders (Lair:1)
  15 manticores
  4 deep elf pyromancers
  8 salamanders
  A stone giant zombie (Vaults:3)
  A cyclops (shapeshifter) (Vaults:5)
  22 fauns
  14 cyclopes
  Maurice (D:10)
  11 black mambas
  A water nymph (shapeshifter) (Vaults:2)
  3 human skeletons
  7 elephants
  11 merfolk sirens
  A black mamba (shapeshifter) (D:14)
  A guardian serpent (Snake:1)
  12 naga magi
  A gargoyle (D:11)
  A rust devil (Orc:2)
  19 vault sentinels
  5 water nymphs
  19 cane toads
  An orange demon (Orc:2)
  2 ice statues (IceCv)
  3 unseen horrors
  2 spectral sea snakes (Shoals:3)
  A kobold demonologist (D:12)
  Psyche (D:10)
  4 rime drakes
  37 yaktaurs
  15 komodo dragons
  A spectral water nymph (Shoals:3)
  6 ice devils
  5 freezing wraiths
  3 meliai (D:14)
  A spectral merfolk (Shoals:3)
  7 wind drakes
  31 merfolk
  4 trolls
  3 polar bears
  A hornet (D:8)
  A hellwing (Orc:2)
  2 tyrant leeches (Lair:5)
  29 blink frogs
  A tengu simulacrum (Vaults:5)
  6 dream sheep
  8 snapping turtles
  A stone giant simulacrum (Vaults:5)
  An ettin zombie (Vaults:5)
  2 shadows (D:11)
  2 centaur simulacra
  61 slime creatures
  4 wraiths
  A culicivora (Vaults:3)
  5 water elementals
  2 wyverns
  27 yaks
  23 humans
  A fire bat (Shoals:4)
  4 hogs (D:12)
  An alligator snapping turtle simulacrum (Shoals:3)
  3 steam dragons
  4 redbacks
  8 basilisks
  14 vampire mosquitoes
  2 wargs (Orc:2)
  A death yak simulacrum (IceCv)
  A harpy simulacrum (IceCv)
  Edmund (D:4)
  9 water moccasins
  35 nagas
  Duvessa (D:6)
  A hydra simulacrum (IceCv)
  A spectral snapping turtle (Shoals:3)
  31 orc warriors
  A sky beast (D:7)
  3 black bears
  An ice beast (D:5)
  12 ogres
  5 centaurs
  10 wolves
  A lemure (D:9)
  A phantom (D:4)
  5 kobold brigands
  2 gnoll sergeants
  19 bullfrogs
  A water nymph simulacrum (Shoals:3)
  2 two-headed ogre simulacra (IceCv)
  2 scorpions (D:4)
  2 cane toad simulacra (IceCv)
  11 wights (D:7)
  Dowan (D:6)
  2 merfolk simulacra (Shoals:3)
  An elephant simulacrum (IceCv)
  13 killer bees
  A manticore simulacrum (Shoals:3)
  A snapping turtle simulacrum (Shoals:3)
  6 electric eels (Lair:5)
  2 vampire bats (D:3)
  5 howler monkeys
  4 lava snakes (Lair:5)
  Crazy Yiuf (D:6)
  5 hounds
  2 gnoll boudas
  27 orc priests
  15 jellies
  A sleepcap (D:6)
  An iguana (D:6)
  18 orc wizards
  3 spriggan simulacra (IceCv)
  3 troll simulacra (IceCv)
  A wolf simulacrum (IceCv)
  A boggart simulacrum (D:12)
  17 adders
  23 gnolls
  3 naga simulacra (IceCv)
  2 shadow imps (D:7)
  2 white imps
  4 ufetubi
  2 dart slugs
  62 orcs
  4 ball pythons
  6 bats
  A bat skeleton (D:3)
  5 bat zombies (D:3)
  8 endoplasms
  2 giant cockroaches
  7 goblins
  6 hobgoblins
  6 jackals
  4 quokkas
  2 frilled lizards
  23 kobolds
  5 rats
1443 creatures vanquished.

Vanquished Creatures (others)
  An ancient lich (Vaults:5)
  Nessos (Lair:3)
  An orc wizard (Orc:2)
  2 kobolds (D:9)
5 creatures vanquished.

Grand Total: 1448 creatures vanquished

Notes
Turn   | Place    | Note
-------+----------+-------------------------------------------
     0 | D:1      | Newt the Draconian Shapeshifter began the quest for the
                  | Orb.
     0 | D:1      | Reached XP level 1. HP: 16/16 MP: 1/1
    41 | D:1      | Reached XP level 2. HP: 13/25 MP: 2/2
   604 | D:1      | Reached XP level 3. HP: 31/31 MP: 3/3
  1196 | D:2      | Found a blossoming altar of Fedhas.
  1534 | D:3      | Identified the +3 mace of Butchery {protect, rPois rF+
                  | Stlth+}
  1716 | D:3      | Reached XP level 4. HP: 38/38 MP: 4/4
  1751 | D:3      | Reached skill level 4 in Shapeshifting
  1926 | D:3      | Found a hazy altar of Hepliaklqana.
  1935 | D:3      | Found an iron altar of Okawaru.
  2045 | D:3      | Became a worshipper of Warmaster Okawaru
  2134 | D:3      | Found an ancient bone altar of Kikubaaqudgha.
  2138 | D:3      | Reached XP level 5. HP: 45/45 MP: 5/5
  2148 | D:3      | Reached skill level 5 in Shapeshifting
  2542 | D:4      | Noticed Edmund
  2580 | D:4      | Gained mutation: Your muscles are strong. (Str +4, Int/Dex
                  | -1) [potion of mutation]
  2580 | D:4      | Gained mutation: Your magical capacity is low. (-10% MP)
                  | [potion of mutation]
  2580 | D:4      | Gained mutation: Your magical capacity is very low. (-20%
                  | MP) [potion of mutation]
  2590 | D:4      | Noticed a black bear
  2592 | D:4      | Killed Edmund
  2592 | D:4      | Reached * piety under Okawaru
  2593 | D:4      | Reached XP level 6. HP: 23/51 MP: 4/4
  2848 | D:4      | Reached skill level 6 in Shapeshifting
  2848 | D:4      | Reached skill level 1 in Maces & Flails
  3020 | D:4      | Your scales start taking on a dull iron-grey colour.
  3020 | D:4      | Reached XP level 7. HP: 49/57 MP: 5/5
  3052 | D:4      | Reached ** piety under Okawaru
  3237 | D:4      | Found a shimmering altar of Xom.
  3346 | D:4      | Found a staircase to the Ecumenical Temple.
  3406 | D:5      | Entered Level 5 of the Dungeon
  3452 | D:5      | Reached skill level 5 in Maces & Flails
  3485 | D:5      | Reached XP level 8. HP: 49/63 MP: 6/6
  4172 | D:6      | Reached skill level 7 in Shapeshifting
  4550 | D:6      | Reached *** piety under Okawaru
  4555 | D:6      | Noticed Duvessa
  4556 | D:6      | Reached skill level 8 in Shapeshifting
  4557 | D:6      | Noticed Dowan
  4578 | D:6      | Killed Duvessa
  4585 | D:6      | Killed Dowan
  5062 | D:6      | You fall into a shaft and drop 3 floors!
  5289 | D:8      | Found a staircase to the Lair.
  5334 | D:8      | Identified the ring "Kageinu" {*Slow rElec rC+ Will++
                  | Stlth-}
  5358 | D:8      | Reached skill level 9 in Shapeshifting
  5668 | D:8      | Reached XP level 9. HP: 71/71 MP: 7/7
  5736 | D:8      | Reached skill level 5 in Fighting
  6202 | D:7      | Reached **** piety under Okawaru
  6736 | D:7      | Reached skill level 5 in Dodging
  7516 | D:6      | Found a runed translucent door.
  7517 | D:6      | Noticed Crazy Yiuf
  7526 | D:6      | Killed Crazy Yiuf
  7720 | D:9      | Found Zoviokh's Antique Armour Shop.
  8173 | D:9      | Bought a smoking kite shield for 256 gold pieces
  8173 | D:9      | Identified the +5 kite shield of Tuvva {Stlth+} (You bought
                  | it in a shop on level 9 of the Dungeon)
  8207 | D:9      | Found a staircase to the Orcish Mines.
  8259 | D:9      | Noticed Pikel
  8270 | D:9      | Killed Pikel
  8270 | D:9      | Reached ***** piety under Okawaru
  8271 | D:9      | Reached skill level 10 in Shapeshifting
  8271 | D:9      | Reached XP level 10. HP: 83/83 MP: 8/8
  8311 | D:9      | Found a white marble altar of Elyvilon.
  8329 | D:9      | Found a transporter.
  8337 | D:9      | Found a transporter.
  8375 | D:9      | Reached skill level 1 in Shields
  8454 | D:9      | Found a transporter.
  8460 | D:9      | Found a transporter.
  8652 | D:9      | Found a snail-covered altar of Cheibriados.
  8862 | D:9      | Found a transporter.
  8867 | D:9      | Found a transporter.
  8922 | D:10     | Entered Level 10 of the Dungeon
  9045 | D:10     | Reached skill level 5 in Shields
  9045 | D:10     | Reached skill level 1 in Invocations
  9329 | D:10     | Found a basalt altar of Yredelemnul.
  9332 | D:10     | Found a glowing silver altar of Zin.
  9336 | D:10     | Found a shimmering blue altar of Sif Muna.
  9338 | D:10     | Noticed Psyche
  9339 | D:10     | Found a broken altar of Ashenzari.
  9349 | D:10     | Killed Psyche
  9350 | D:10     | Reached skill level 5 in Invocations
  9446 | D:10     | Noticed Lodul
  9457 | D:10     | Killed Lodul
  9466 | D:10     | Reached XP level 11. HP: 89/89 MP: 13/13
  9637 | D:10     | Noticed Maurice
  9652 | D:10     | Killed Maurice
 10034 | D:11     | Noticed a two-headed ogre
 10036 | D:11     | a torpor snail changed into a sea snake
 10036 | D:11     | Noticed a sea snake (shapeshifter)
 10048 | D:12     | Noticed a boulder beetle
 10100 | D:12     | Killed a boulder beetle
 10100 | D:12     | Identified the scarf "Iwnayn" {repulsion, rC+ Dex+5}
                  | (Okawaru gifted it to you on level 12 of the Dungeon)
 10100 | D:12     | Received a gift from Okawaru
 10351 | D:12     | Noticed a boulder beetle
 10364 | D:12     | Killed a boulder beetle
 10364 | D:12     | Reached ****** piety under Okawaru
 10540 | D:11     | Killed a two-headed ogre
 10541 | D:11     | Reached skill level 11 in Shapeshifting
 10545 | D:11     | Killed a sea snake
 11373 | D:11     | Found a runed translucent door.
 11376 | D:11     | Noticed a balrug
 11454 | D:11     | Reached skill level 12 in Shapeshifting
 11510 | D:11     | Found a runed translucent door.
 11516 | D:11     | Noticed a green ugly thing
 11669 | D:11     | Killed a balrug
 11779 | D:11     | Noticed a two-headed ogre
 11780 | D:11     | Noticed a wizard
 11780 | D:11     | Noticed a brown ugly thing
 11781 | D:11     | Identified the +1 war axe "Tazaeh" {flame, Dex+4}
 11782 | D:11     | Noticed a deep troll
 11795 | D:11     | Killed a two-headed ogre
 11796 | D:11     | Reached XP level 12. HP: 90/96 MP: 7/15
 11821 | D:11     | Identified the +10 scimitar of Prudence {distort, rC++
                  | Str+2 Int+2} (Okawaru gifted it to you on level 11 of the
                  | Dungeon)
 11821 | D:11     | Received a gift from Okawaru
 11822 | D:11     | a wolf spider changed into a satyr
 11822 | D:11     | Noticed a satyr (glowing shapeshifter)
 11833 | D:11     | Killed a satyr
 11834 | D:11     | Reached skill level 13 in Shapeshifting
 12018 | Lair:1   | Entered Level 1 of the Lair of Beasts
 12072 | Lair:1   | Found a frozen archway.
 12125 | IceCv    | Entered an ice cave
 12911 | IceCv    | Received a gift from Okawaru
 13737 | IceCv    | Noticed a reaper
 13750 | IceCv    | Killed a reaper
 13979 | Lair:1   | Reached skill level 10 in Maces & Flails
 14135 | Lair:1   | Reached XP level 13. HP: 101/102 MP: 10/15
 14741 | Lair:2   | Noticed Nergalle
 14756 | Lair:2   | Killed Nergalle
 14872 | Lair:2   | Received a gift from Okawaru
 15205 | Lair:2   | Found a staircase to the Snake Pit.
 15262 | Lair:2   | Found the ring of the Octopus King
 15268 | Lair:2   | Identified a ring of the Octopus King {HP+2 MP+9 AC+2 EV+2
                  | SH+2}
 15929 | Lair:3   | Identified the +0 cloak of Lies {Contam rElec Will- rCorr}
                  | (Okawaru gifted it to you on level 3 of the Lair of Beasts)
 15929 | Lair:3   | Received a gift from Okawaru
 15953 | Lair:3   | Lost mutation: Your muscles are strong. (Str +4, Int/Dex
                  | -1) [potion of mutation]
 15953 | Lair:3   | Lost mutation: Your magical capacity is very low. (-20% MP)
                  | [potion of mutation]
 15953 | Lair:3   | Gained mutation: You sometimes lose your temper in combat.
                  | [potion of mutation]
 15953 | Lair:3   | Lost mutation: Your magical capacity is low. (-10% MP)
                  | [potion of mutation]
 15953 | Lair:3   | Gained mutation: You are dopey. (Int -2) [potion of
                  | mutation]
 15953 | Lair:3   | Gained mutation: You are somewhat resistant to further
                  | mutation. [potion of mutation]
 15954 | Lair:3   | Lost mutation: You are dopey. (Int -2) [potion of mutation]
 15954 | Lair:3   | Lost mutation: You are somewhat resistant to further
                  | mutation. [potion of mutation]
 15954 | Lair:3   | Lost mutation: You sometimes lose your temper in combat.
                  | [potion of mutation]
 15954 | Lair:3   | Gained mutation: You have supernaturally acute eyesight.
                  | (SInv) [potion of mutation]
 15954 | Lair:3   | Gained mutation: You have sharp toenails. [potion of
                  | mutation]
 15954 | Lair:3   | Gained mutation: Your large and strong wings let you fly.
                  | [potion of mutation]
 16018 | Lair:3   | Found a staircase to the Shoals.
 16225 | Lair:3   | Noticed Nessos
 16236 | Lair:3   | Killed Nessos
 16237 | Lair:3   | Reached skill level 10 in Fighting
 16460 | Lair:3   | Reached skill level 1 in Evocations
 16693 | Lair:3   | Noticed Gastronok
 16702 | Lair:3   | Killed Gastronok
 17020 | Lair:4   | Found the +8 storm bow {elec, penet}
 17123 | Lair:4   | Reached skill level 5 in Evocations
 17353 | Lair:4   | Learned a level 2 spell: Wereblood
 17356 | Lair:4   | Noticed Snorg
 17381 | Lair:4   | Killed Snorg
 17381 | Lair:4   | Received a gift from Okawaru
 17382 | Lair:4   | Reached skill level 1 in Spellcasting
 17382 | Lair:4   | Reached skill level 1 in Transmutations
 17963 | Lair:5   | Entered Level 5 of the Lair of Beasts
 17971 | Lair:5   | Reached XP level 14. HP: 121/121 MP: 20/20
 18185 | Lair:5   | Identified the +9 mace of Mayhem {drain, Will+ Str+2 Dex-2
                  | Stlth+}
 18676 | Lair:5   | Found a staircase to the Slime Pits.
 18676 | Lair:5   | Found a viscous altar of Jiyva.
 19442 | Orc:1    | Entered Level 1 of the Orcish Mines
 19549 | Orc:2    | Entered Level 2 of the Orcish Mines
 19622 | Orc:2    | Found Jaiv's General Store.
 19624 | Orc:2    | Found Isaynips's General Store.
 19685 | Orc:2    | Received a gift from Okawaru
 19823 | Orc:2    | Bought a wand of iceblast (4) for 144 gold pieces
 19952 | Arena    | Entered the Arena
 20054 | Orc:2    | Received a gift from Okawaru
 20104 | Orc:2    | Reached skill level 10 in Dodging
 20177 | Orc:2    | Found Kegotzig's Book Boutique.
 20177 | Orc:2    | Found Lythetat's Antique Armour Shop.
 20178 | Orc:2    | Found a one-way gate leading to the halls of Pandemonium.
 20205 | Orc:2    | Bought a faintly humming cloak for 285 gold pieces
 20205 | Orc:2    | Identified the +1 cloak of Depression {rElec Int-3 Dex+4}
                  | (You bought it in a shop on level 2 of the Orcish Mines)
 20560 | Orc:2    | Reached XP level 15. HP: 126/126 MP: 21/21
 20638 | Orc:2    | Found a staircase to the Elven Halls.
 20681 | Orc:2    | Found Gamer's Assorted Antiques.
 20687 | Orc:2    | Bought a potion of mutation for 192 gold pieces
 20687 | Orc:2    | Bought a potion of curing for 72 gold pieces
 20900 | Orc:2    | Bought a pair of glowing boots for 225 gold pieces
 21058 | Shoals:1 | Entered Level 1 of the Shoals
 21675 | Shoals:1 | Reached skill level 14 in Shapeshifting
 22223 | Shoals:1 | Noticed Frances
 22239 | Shoals:1 | Killed Frances
 22348 | Shoals:1 | Received a gift from Okawaru
 22916 | Shoals:2 | Noticed Polyphemus
 22933 | Shoals:2 | Reached skill level 15 in Shapeshifting
 22948 | Shoals:2 | Killed Polyphemus
 23048 | Shoals:2 | Noticed Ilsuiw
 23067 | Shoals:2 | HP: 5/128 [merfolk/+1 heavy trident (18)]
 23602 | Shoals:2 | Killed Ilsuiw
 24060 | Shoals:3 | Found the +3 giant club "Skullcrusher" {speed, Str+7}
 24400 | Shoals:3 | Found a runed translucent gate.
 24400 | Shoals:3 | Found a runed translucent gate.
 24400 | Shoals:3 | Found a runed translucent gate.
 24401 | Shoals:3 | Noticed Bediveer's ghost (adept SpHu)
 24416 | Shoals:3 | Reached skill level 16 in Shapeshifting
 25095 | Shoals:3 | Reached XP level 16. HP: 134/134 MP: 22/22
 25358 | Shoals:3 | Reached skill level 5 in Transmutations
 25370 | Shoals:3 | Killed Bediveer's ghost
 25463 | Shoals:4 | Entered Level 4 of the Shoals
 26481 | Shoals:4 | Reached skill level 10 in Transmutations
 26505 | Shoals:4 | Identified 3 scrolls of acquirement
 26506 | Shoals:4 | Acquired 769 gold pieces
 26508 | Shoals:4 | Acquired 1138 gold pieces
 26510 | Shoals:4 | Acquired 579 gold pieces
 26962 | Shoals:4 | Got a barnacled rune of Zot
 27239 | Snake:1  | Entered Level 1 of the Snake Pit
 27269 | Snake:1  | Received a gift from Okawaru
 27821 | Snake:1  | You are sucked into a shaft and drop 1 floor!
 27977 | Snake:1  | Identified the ring of Hus Ledd {rPois rF+}
 28664 | Snake:2  | Identified the +1 great mace of the Sea {heavy, rPois rC-
                  | Will++ rCorr} (Okawaru gifted it to you on level 2 of the
                  | Snake Pit)
 28664 | Snake:2  | Received a gift from Okawaru
 28787 | Snake:2  | Reached XP level 17. HP: 139/140 MP: 23/23
 29410 | Snake:3  | Found Deckus's Antique Armour Boutique.
 29835 | Snake:3  | Found a glowing golden altar of the Shining One.
 29909 | Snake:3  | Noticed Asterion
 29934 | Snake:3  | Killed Asterion
 30083 | Snake:3  | Reached skill level 15 in Maces & Flails
 30338 | Snake:4  | Entered Level 4 of the Snake Pit
 30501 | Snake:4  | Noticed Nikola
 30518 | Snake:4  | Killed Nikola
 30784 | Snake:4  | Noticed Vashnia
 30802 | Snake:4  | Received a gift from Okawaru
 30832 | Snake:4  | Killed Vashnia
 32305 | Snake:4  | Got a serpentine rune of Zot
 32614 | D:12     | Noticed Kirke
 32633 | D:12     | Killed Kirke
 32807 | D:12     | Noticed Erolcha
 32813 | D:12     | Killed Erolcha
 32940 | D:12     | Identified the +7 mace of Teirir {freeze, Int+3} (Okawaru
                  | gifted it to you on level 12 of the Dungeon)
 32940 | D:12     | Received a gift from Okawaru
 33171 | D:13     | Reached skill level 10 in Evocations
 33699 | D:13     | Found Hatzagok's Distillery.
 33707 | D:13     | Bought a potion of heal wounds for 65 gold pieces
 33707 | D:13     | Bought a potion of heal wounds for 65 gold pieces
 34025 | D:13     | Found a gate to the Vaults.
 34161 | D:14     | Reached XP level 18. HP: 147/147 MP: 24/24
 34728 | D:14     | Found a burning altar of Makhleb.
 34853 | D:15     | Entered Level 15 of the Dungeon
 35278 | D:15     | Identified the +0 pair of gloves of Xyreih {Regen+}
                  | (Okawaru gifted it to you on level 15 of the Dungeon)
 35278 | D:15     | Received a gift from Okawaru
 35492 | D:15     | Found a staircase to the Depths.
 35672 | Vaults:1 | Entered Level 1 of the Vaults
 35931 | Vaults:1 | Identified the +4 falchion of Exeguqi {speed, rF+ Will+
                  | SInv}
 36078 | Vaults:1 | Reached skill level 17 in Shapeshifting
 36256 | Vaults:1 | Found a flickering gateway to a bazaar.
 36266 | Bazaar   | Entered a bazaar
 36280 | Bazaar   | Found Opuecly's Weapon Shoppe.
 36280 | Bazaar   | Found Kuestaf's Jewellery Emporium.
 36286 | Bazaar   | Bought an amulet of regeneration for 300 gold pieces
 36308 | Bazaar   | Found Putym's Weapon Shoppe.
 36326 | Bazaar   | Found Udeb Lir's Weapon Emporium.
 36559 | Vaults:1 | Identified the +5 morningstar "Killer Klown's Death"
                  | {heavy, rPois Int+6 Stlth+} (Okawaru gifted it to you on
                  | level 1 of the Vaults)
 36559 | Vaults:1 | Received a gift from Okawaru
 36677 | Vaults:1 | You are sucked into a shaft and drop 1 floor!
 36923 | Vaults:2 | Reached XP level 19. HP: 154/154 MP: 25/25
 37045 | Vaults:2 | Reached skill level 18 in Shapeshifting
 37058 | Vaults:2 | Received a gift from Okawaru
 37155 | Vaults:2 | Found Doxysu's Weapon Boutique.
 37750 | Vaults:2 | Received a gift from Okawaru
 37956 | Vaults:2 | Identified the +7 great mace "Xetitt" {pain, MP+9} (Okawaru
                  | gifted it to you on level 2 of the Vaults)
 37956 | Vaults:2 | Received a gift from Okawaru
 38020 | Vaults:2 | Reached skill level 19 in Shapeshifting
 38137 | Vaults:2 | Found the +27 heavy crossbow "Sniper" {heavy, Acc+∞ SInv}
 38177 | Vaults:2 | Noticed a Brimstone Fiend
 38439 | Vaults:3 | Noticed Bai Suzhen
 38465 | Vaults:3 | Noticed Donald
 38469 | Vaults:3 | Killed Bai Suzhen
 38483 | Vaults:3 | HP: 1/202 [Donald/+3 war axe of draining (34)]
 38490 | Vaults:3 | HP: 6/202 [Donald/+3 war axe of draining (18)]
 38660 | Vaults:3 | Reached skill level 5 in Spellcasting
 38683 | Vaults:3 | Found a portal to a secret trove of treasure.
 38702 | Vaults:3 | Identified the +5 kite shield of Misanthropy {Rampage
                  | rElec} (Okawaru gifted it to you on level 3 of the Vaults)
 38702 | Vaults:3 | Received a gift from Okawaru
 38760 | Vaults:3 | Noticed Boris
 38789 | Vaults:3 | Killed Boris
 39473 | Vaults:3 | Reached XP level 20. HP: 154/154 MP: 31/31
 39491 | Vaults:3 | Found a staircase to the Crypt.
 39764 | Vaults:3 | Reached skill level 10 in Invocations
 39952 | Vaults:3 | Killed Donald
 41063 | Vaults:4 | Reached skill level 1 in Earth Magic
 41077 | Vaults:4 | Reached skill level 1 in Hexes
 41563 | Vaults:4 | Found a huge runed gate.
 41564 | Vaults:4 | Found a huge runed gate.
 41565 | Vaults:4 | Found a huge runed gate.
 41566 | Vaults:4 | Found a huge runed gate.
 41566 | Vaults:4 | Found a huge runed gate.
 41566 | Vaults:4 | Found a huge runed gate.
 41567 | Vaults:4 | Found a huge runed gate.
 41567 | Vaults:4 | Found a huge runed gate.
 41568 | Vaults:4 | Found a huge runed gate.
 41568 | Vaults:4 | Found a huge runed gate.
 41581 | Vaults:4 | Received a gift from Okawaru
 41620 | Vaults:4 | Found a huge runed gate.
 41620 | Vaults:4 | Found a huge runed gate.
 41620 | Vaults:4 | Found a huge runed gate.
 41620 | Vaults:4 | Found a huge runed gate.
 41620 | Vaults:4 | Found a huge runed gate.
 41620 | Vaults:4 | Found a huge runed gate.
 41621 | Vaults:4 | Found a huge runed gate.
 41624 | Vaults:4 | Found a huge runed gate.
 41625 | Vaults:4 | Found a huge runed gate.
 41633 | Vaults:4 | Found a huge runed gate.
 41633 | Vaults:4 | Found a huge runed gate.
 41633 | Vaults:4 | Found a huge runed gate.
 41633 | Vaults:4 | Found a huge runed gate.
 41633 | Vaults:4 | Found a huge runed gate.
 41633 | Vaults:4 | Found a huge runed gate.
 41633 | Vaults:4 | Found a huge runed gate.
 41634 | Vaults:4 | Found a huge runed gate.
 41635 | Vaults:4 | Found a huge runed gate.
 41668 | Vaults:4 | Found a huge runed gate.
 41668 | Vaults:4 | Found a huge runed gate.
 41668 | Vaults:4 | Found a huge runed gate.
 41668 | Vaults:4 | Found a huge runed gate.
 41668 | Vaults:4 | Found a huge runed gate.
 41669 | Vaults:4 | Found a huge runed gate.
 41670 | Vaults:4 | Found a huge runed gate.
 41671 | Vaults:4 | Found a huge runed gate.
 41689 | Vaults:4 | Reached skill level 5 in Earth Magic
 42008 | Vaults:4 | HP: 8/211 [vault sentinel/+0 antimagic long sword (15)]
 42373 | Vaults:4 | Reached skill level 5 in Hexes
 42414 | Vaults:4 | Learned a level 4 spell: Leda's Liquefaction
 42415 | Vaults:4 | Identified the staff "Beast's Nightmare" {+Blink Conj}
 42535 | Vaults:4 | Learned a level 4 spell: Petrify
 42737 | Vaults:4 | Noticed Boris
 42753 | Vaults:4 | Killed Boris
 42765 | Vaults:4 | Received a gift from Okawaru
 42935 | Vaults:5 | Entered Level 5 of the Vaults
 43042 | Vaults:5 | Noticed Boris
 43084 | Vaults:5 | Killed Boris
 43209 | Vaults:5 | Reached XP level 21. HP: 145/168 MP: 32/32
 43307 | Vaults:5 | Noticed an ancient lich
 43311 | Vaults:5 | HP: 10/221 [ancient lich/bolt of acid (45)]
 43312 | Vaults:5 | Killed an ancient lich
 43331 | Vaults:5 | Noticed Xtahua
 43342 | Vaults:5 | Noticed a dread lich
 43346 | Vaults:5 | HP: 9/221 [vault guard/+0 dire flail (10)]
 43351 | Vaults:5 | Slain by a vault guard

Illustrated notes

Levels and vault maps discovered:
D:1:      lightli_arrival_maybe_door_vault, layout_rooms
D:2:      layout_basic, basic_altar, minmay_fountain_box
D:3:      layout_basic, kennysheep_vampire_church, mainiacjoe_overflow_swirl
D:4:      layout_rooms, tgw_xom, minmay_temple_entry_nine_rooms, uniq_edmund
D:5:      layout_basic
D:6:      layout_basic, uniq_crazy_yiuf_cottage, uniq_duvessa
D:7:      layout_basic
D:8:      layout_loops_ring, lair_entry_dummy
D:9:      layout_irregular_city, kennysheep_mini_moat, elyvilon_altar_4,
          minmay_orc_entry_temple_small, serial_shops,
          nicolae_shop_competitors_out_of_business, serial_nicolae_subway,
          nicolae_sub_station_metal, nicolae_sub_station_stone,
          nicolae_sub_station_crystal, uniq_pikel
D:10:     layout_loops_corners, nicolae_overflow_macrodata_refinement,
          nicolae_figureground_sparkle, uniq_lodul, uniq_maurice, uniq_psyche
D:11:     dreamdust_dug_too_deep, layout_gridville, serial_bayou,
          serial_bayou_pond_b, serial_bayou_pond_e, serial_bayou_pond_b,
          serial_bayou_lagoon_a, lightli_airlock
D:12:     layout_roguey, uniq_erolcha, uniq_kirke
D:13:     layout_basic, grunt_vaults_entry_tiered, serial_shops, shop
D:14:     layout_loops_ring, bloody_makhleb, hangedman_corner_corridor
D:15:     grunt_enter_depths_hoard, layout_loops_cross, hex_tiny
Lair:1:   minmay_lair_venomous_thicket, layout_small_grid,
          portal_ice_cave_demonic_guard
Lair:2:   layout_regular_city, minmay_snake_entry_guardpost_large,
          lemuel_fruit_tree, uniq_nergalle
Lair:3:   layout_hall_layers, minmay_shoals_entry_beasts, uniq_nessos,
          uniq_gastronok
Lair:4:   layout_loops_ring, grunt_megastairs_2, serial_bayou_shore_a,
          uniq_snorg
Lair:5:   minmay_lair_end_frog_pond, layout_misc_corridors,
          minmay_slime_entry_jelly_boxes, nicolae_lair_liquid_snakes
Shoals:1: layout_shoals, uniq_frances
Shoals:2: layout_shoals, uniq_polyphemus, uniq_ilsuiw
Shoals:3: layout_shoals, gammafunk_ghost_necromancy
Shoals:4: shoals_end_grunt_garden, layout_shoals, hangedman_shoal_volcano
Snake:1:  layout_chambers
Snake:2:  layout_onion
Snake:3:  layout_misc_corridors, basic_altar, minmay_shop_grid_forest,
          nicolae_letterblocks [nicolae_letter_subblock,
          nicolae_letter_subblock, nicolae_letter_subblock,
          nicolae_letter_subblock, nicolae_letter_subblock,
          nicolae_letter_subblock, nicolae_letter_subblock,
          nicolae_letter_subblock, nicolae_letter_subblock,
          nicolae_letter_subblock, nicolae_letter_subblock,
          nicolae_letter_subblock, nicolae_letter_subblock,
          nicolae_letter_subblock, nicolae_letter_subblock,
          nicolae_letter_subblock, nicolae_letter_subblock,
          nicolae_letter_subblock, nicolae_letter_subblock,
          nicolae_letter_subblock, nicolae_letter_subblock,
          nicolae_letter_subblock, nicolae_letter_subblock,
          nicolae_letter_subblock, nicolae_letter_subblock], uniq_asterion
Snake:4:  minmay_snake_end_coiled, layout_chambers, uniq_nikola, uniq_vashnia
Orc:1:    layout_caves, mines5_lemuel
Orc:2:    pf_orc_diabolical, layout_caves, serial_shops, nicolae_shop_peninsula,
          basic_altar, nicolae_orc_bridge_out
Vaults:1: st_squares, nicolae_vaults_house_1, nicolae_vaults_trapezoid_4,
          nicolae_vaults_rhombus_6, nicolae_vaults_alarming, v_pattern_3,
          nicolae_vaults_shelves_hall, hangedman_vaults_locks, v_alt_pattern_5,
          vaults_dpeg_diagonal, hangedman_vaults_cutoff,
          nicolae_vaults_trapezoid_lopsided_3, layout_vaults_omnibox,
          serial_shops, bzr_entry_dummy
Vaults:2: nicolae_vaults_offset_grid_hallway_4, grunt_vaults_swirl,
          nicolae_vaults_circle_grid_a, minmay_guarded_unrand_secular_launcher,
          v_misc_2, v_rooms_2, nicolae_vaults_mitosis, vaults_room_door_hall,
          nicolae_vaults_tetromino_L_2, nicolae_vaults_heart-shaped_vault,
          layout_vaults_ring, serial_shops, nicolae_shop_pleasant_corner_grove
Vaults:3: nicolae_vaults_diamond_1, nicolae_vaults_steering_wheel,
          ontoclasm_vaults_gateway, vaults_room_stairs_pillars,
          nicolae_vaults_more_shelving_2, nicolae_vaults_trapezoid_1, v_misc_26,
          nicolae_vaults_surprise_closet, ontoclasm_vaults_spin,
          vaults_room_grid, nicolae_vaults_closet_pinwheel_4,
          layout_vaults_big_room, minmay_crypt_entry_simple_walls,
          enter_trove_0, uniq_donald, uniq_bai_suzhen, uniq_boris
Vaults:4: ontoclasm_vaults_misaligned, ontoclasm_vaults_ring_square,
          hangedman_vaults_stitches, v_misc_27, v_misc_23, v_misc_18,
          nicolae_vaults_house_2, grunt_vaults_twisty, door_vault,
          hangedman_vaults_pinch, vaults_room_fours,
          nicolae_vaults_tetromino_L_2, nicolae_vaults_tetromino_L_1,
          layout_vaults_big_cross
Vaults:5: uniq_xtahua

Skill      XL: |  1  2  3  4  5  6  7  8  9 10 11 12 13 14 15 16 17 18 19 20 21 |
---------------+----------------------------------------------------------------+-----
Fighting       | 2 3 6 10 | 10.0
Shapeshifting  | 4 5 6 9 10 12 13 16 17 19 | 19.3
Maces & Flails | 2 5 11 12 13 16 | 16.0
Dodging        | 5 10 | 10.0
Shields        | 5 9 |  9.0
Invocations    | 7 9 12 | 12.4
Evocations     | 6 10 12 | 12.0
Spellcasting   | 2 4 7 |  7.9
Transmutations | 2 4 10 11 | 11.2
Earth Magic    | 8 9 |  9.5
Hexes          | 6 7 |  7.3
Unarmed Combat | |  3.0

Action                     |  1- 3 |  4- 6 |  7- 9 | 10-12 | 13-15 | 16-18 | 19-21 || total
---------------------------+-------+-------+-------+-------+-------+-------+-------++-------
  Melee: Unarmed           |    46 |       |       |       |       |       |       ||    46
         Tailslap          |    12 |     9 |    41 |    99 |   243 |   323 |   347 ||  1074
         Staff             |    18 |       |       |       |       |       |       ||    18
         Flail             |    38 |       |    86 |   314 |       |       |       ||   438
         Mace              |     4 |   104 |    37 |       |       |       |       ||   145
         Punch             |     1 |     1 |    10 |       |       |       |       ||    12
         Whip              |       |       |   235 |       |       |       |       ||   235
         Maw               |       |       |    36 |   120 |   320 |       |       ||   476
         Demon whip        |       |       |       |   268 |  1199 |  1686 |  1441 ||  4594
         Kick              |       |       |       |       |   401 |   684 |   705 ||  1790
  Throw: Throwing net      |       |       |       |     2 |     1 |     2 |       ||     5
   Cast: Wereblood         |       |       |       |       |    23 |    38 |    33 ||    94
         Leda's Liquefacti |       |       |       |       |       |       |    11 ||    11
         Petrify           |       |       |       |       |       |       |     3 ||     3
 Invoke: Heroism           |       |       |       |    10 |    10 |     6 |    16 ||    42
         Finesse           |       |       |       |     6 |     5 |     2 |     8 ||    21
         Duel              |       |       |       |       |     1 |       |       ||     1
  Evoke: Wand              |       |       |       |       |    13 |     4 |     2 ||    19
         Phial of floods   |       |       |       |       |     1 |       |     3 ||     4
         Lightning rod     |       |       |       |       |       |     1 |     2 ||     3
    Use: Scroll            |     4 |       |    10 |     5 |    12 |    12 |    12 ||    55
         Potion            |       |     6 |     1 |     4 |     8 |       |     7 ||    26
   Stab: Sleeping          |     1 |     3 |     1 |       |     6 |     4 |       ||    15
         Held in net/web   |       |       |       |     1 |       |       |       ||     1
         Petrified         |       |       |       |       |     4 |       |       ||     4
         Invisible         |       |       |       |       |     1 |       |     2 ||     3
         Distracted        |       |       |       |       |       |     1 |       ||     1
 Armour: Skin              |    52 |   146 |   177 |   129 |   277 |   684 |   677 ||  2142
  Dodge: Dodged            |   103 |    94 |   261 |   194 |   574 |  1262 |  1094 ||  3582
         Repelled          |       |       |       |     2 |     8 |    48 |     8 ||    66
  Block: Kite shield       |       |       |    16 |   318 |       |       |       ||   334
         Buckler           |       |       |       |    33 |   468 |  1019 |   951 ||  2471
         Reflection        |       |       |       |       |    26 |    83 |    49 ||   158
         Tower shield      |       |       |       |       |       |    63 |       ||    63
   Form: Maw               |       |       |     1 |       |       |       |       ||     1
         Statue            |       |       |       |       |     1 |       |       ||     1

Table legend: (Time is in decaauts)
 A = Elapsed time spent in this place.
 B = Non-inter-level travel time spent in this place.
 C = Inter-level travel time spent in this place.
 D = Time resting spent in this place.
 E = Time spent auto-exploring this place.
 F = Levels seen in this place.
 G = Mean time per level.
                   A        B        C        D        E       F      G
               +--------+--------+--------+--------+--------+-----+--------+
         Total |  49801 |  46559 |   3242 |   9182 |  26918 |  38 | 1310.6 |
       Dungeon |  16917 |  15402 |   1515 |   2415 |  10218 |  15 | 1127.8 |
          Lair |   5780 |   5381 |    399 |    868 |   3634 |   5 | 1156.0 |
        Shoals |   6706 |   6439 |    267 |   1615 |   3281 |   4 | 1676.5 |
     Snake Pit |   7420 |   7030 |    390 |   1039 |   4840 |   4 | 1855.0 |
  Orcish Mines |   1340 |   1156 |    184 |     21 |    794 |   2 |  670.0 |
        Vaults |   9760 |   9275 |    485 |   1969 |   3882 |   5 | 1952.0 |
        Bazaar |    124 |    124 |      0 |      0 |     45 |   1 |  124.0 |
      Ice Cave |   1719 |   1719 |      0 |   1235 |    222 |   1 | 1719.0 |
         Arena |     31 |     31 |      0 |     19 |      0 |   1 |   31.0 |
               +--------+--------+--------+--------+--------+-----+--------+

Top non-repeatable levels by time:
 Snake:4: 2912 daAuts
Vaults:4: 2542 daAuts
Vaults:3: 2440 daAuts
Vaults:2: 2410 daAuts
Shoals:4: 2358 daAuts
Vaults:1: 1925 daAuts
Shoals:3: 1910 daAuts
 Snake:1: 1893 daAuts
    D:13: 1891 daAuts
   IceCv: 1719 daAuts
     D:8: 1521 daAuts
    D:11: 1493 daAuts
     D:6: 1473 daAuts
 Snake:3: 1329 daAuts
Shoals:2: 1293 daAuts
